 Dungeon Crawl Stone Soup version 0.27-a0-1147-gb3d8e82157 (webtiles) character file.

Game seed: 15372932496046308207

207 Feb132020 the Magician (level 5, 25/25 HPs)
             Began as a Spriggan Earth Elementalist on May 12, 2021.
             Was a Priest of Qazlal.
             Quit the game on level 3 of the Dungeon.
             The game lasted 00:21:00 (4070 turns).

Feb132020 the Magician (SpEE)                       Turns: 4070, Time: 00:21:01

Health: 25/25      AC:  2    Str:  5    XL:     5   Next: 54%
Magic:  12/12      EV: 18    Int: 17    God:    Qazlal [***...]
Gold:   164        SH:  3    Dex: 15    Spells: 9/12 levels left

rFire    . . .     SeeInvis +   d - +0 dagger
rCold    . . .     Faith    .   (shield restricted)
rNeg     . . .     Spirit   .   c - +0 robe
rPois    .         Reflect  .   (helmet restricted)
rElec    .         Harm     .   (no cloak)
rCorr    .         Rampage  .   (gloves unavailable)
Will     .....                  (boots unavailable)
Stlth    ++........             (no amulet)
HPRegen  0.08/turn              (no ring)
MPRegen  0.13/turn              (no ring)

@: very quick
A: very small, no large weapons, unfitting armour, see invisible, speed 3
a: Renounce Religion, Upheaval, Elemental Force


You were on level 3 of the Dungeon.
You worshipped Qazlal.
Qazlal was most pleased with you.
You visited 1 branch of the dungeon, and saw 5 of its levels.

You collected 164 gold pieces.

Inventory:

Hand Weapons
 d - a +0 dagger (weapon)
Missiles
 b - 50 stones
 j - 20 poisoned darts
Armour
 c - a +0 robe (worn)
Jewellery
 i - a ring of wizardry
Scrolls
 g - 3 scrolls of identify
 h - a scroll of teleportation
 k - a scroll of enchant armour {unknown}
 o - a scroll of torment {unknown}
Potions
 a - 2 potions of mutation {unknown}
 e - a potion of attraction {unknown}
 l - a potion of heal wounds {unknown}
 m - a potion of brilliance {unknown}
 n - 4 potions of curing


   Skills:
 + Level 0.7 Fighting
 + Level 1.5 Short Blades
 + Level 3.4 Dodging
 + Level 3.8 Stealth
 + Level 4.4 Spellcasting
 + Level 1.4 Transmutations
 + Level 3.6 Earth Magic
 * Level 1.6 Invocations


You had 9 spell levels left.
You knew the following spells:

 Your Spells              Type           Power      Damage    Failure   Level
a - Sandblast             Erth           32%        2d9       3%          1
p - Passwall              Tmut/Erth      10%        N/A       9%          2

Your spell library contained the following spells:

 Spells                   Type           Power      Damage    Failure   Level
 Animate Skeleton         Necr           6%         N/A       16%         1
 Apportation              Tloc           6%         N/A       16%         1
 Corona                   Hex            3%         N/A       16%         1
 Summon Small Mammal      Summ           12%        N/A       16%         1
 Stone Arrow              Conj/Erth      18%        3d8       22%         3
 Petrify                  Tmut/Erth      12%        N/A       47%         4
 Lee's Rapid Deconstruct  Erth           8%         3d8*      67%         5


Dungeon Overview and Level Annotations

Branches:
Dungeon (5/15)             Temple (0/1) D:5

Altars:
Qazlal

Annotations:
D:2 Sigmund, Terence
D:4 Edmund, Grinder
D:5 Duvessa


Innate Abilities, Weirdness & Mutations

You are very small and have problems with some larger weapons.
You are too small for most types of armour.
You have supernaturally acute eyesight. (SInv)
You cover ground extremely quickly. (Speed+++)


Message History

The hobgoblin is lightly wounded.
The hobgoblin hits you.
Edmund shouts!
You hit the hobgoblin.
The hobgoblin is severely wounded.
The hobgoblin closely misses you.
You hit the hobgoblin.
The hobgoblin is almost dead.
Edmund unwields a +1 dire flail of draining.
Edmund wields a +0 hunting sling.
Edmund shoots a stone.
The stone hits you.
You hit the hobgoblin.
You kill the hobgoblin!
Qazlal accepts your kill.
Edmund shoots a stone.
The stone closely misses you.
Edmund shoots a stone.
The stone hits you!
* * * LOW HITPOINT WARNING * * *
You see here a scroll labelled ORESHO WEOSENU.
h - 2 scrolls labelled ORESHO WEOSENU (gained 1) Edmund shoots a stone.
The stone closely misses you.
As you read the scroll labelled ORESHO WEOSENU, it crumbles to dust.
You feel strangely unstable.
It was a scroll of teleportation.
You start resting.
Your surroundings suddenly seem different.
An orc comes into view. It is wielding a +0 dagger.
The orc shouts!
The kobold shouts!
The orc shouts!
You hear an angry hiss.
The kobold throws a stone.
You block the stone.
An endoplasm comes into view.
Things that are here:
a +0 leather armour; a +0 mace You hear a bark!
You hear a shout!
A kobold and an orc come into view.
The kobold shouts!
The orc shouts!
The kobold throws a stone.
The stone hits you but does no damage.
Grinder comes into view.
There is an escape hatch in the ceiling here.
You hear an angry hiss.
A mysterious force pulls you upwards. The hatch slams shut behind you.
HP restored.
Done exploring.
Are you sure you want to abandon this character and quit the game? (Confirm with "yes".)

........####.....#
)................#
.................#
..รท..............#
.................#
........<...?....#
..>..............#
.................#
...##..#####....@#
.......# #######
.....### ##.###
##.# ...# #### # #


There were no monsters in sight!

Vanquished Creatures
  A scorpion (D:5)
  A jelly (D:4)
  3 adders
  An adder skeleton (D:4)
  2 worms (D:2)
  2 dart slugs (D:1)
  4 orcs
  7 ball pythons
  3 bats
  8 endoplasms
  3 giant cockroaches
  6 goblins
  8 hobgoblins
  3 jackals (D:1)
  2 kobolds (D:2)
  2 quokkas (D:1)
  3 frilled lizards
  9 rats
68 creatures vanquished.

Notes
Turn   | Place    | Note
-------+----------+-------------------------------------------
     0 | D:1      | Feb132020 the Spriggan Earth Elementalist began the quest
                  | for the Orb.
     0 | D:1      | Reached XP level 1. HP: 9/9 MP: 5/5
    61 | D:1      | Found a faded altar of an unknown god.
    64 | D:1      | Became a worshipper of Qazlal Stormbringer
    64 | D:1      | Reached * piety under Qazlal
   274 | D:1      | Reached XP level 2. HP: 13/13 MP: 4/6
   277 | D:1      | Learned a level 2 spell: Passwall
   378 | D:1      | Reached skill level 3 in Spellcasting
  1042 | D:1      | Reached ** piety under Qazlal
  1043 | D:1      | Reached XP level 3. HP: 13/16 MP: 8/8
  1423 | D:2      | Noticed Sigmund
  1516 | D:2      | Noticed Terence
  1978 | D:2      | Reached XP level 4. HP: 21/21 MP: 4/10
  2572 | D:3      | Reached skill level 1 in Short Blades
  2580 | D:3      | Reached skill level 4 in Spellcasting
  3127 | D:4      | Noticed Edmund
  3131 | D:4      | Reached skill level 1 in Invocations
  3356 | D:4      | Reached XP level 5. HP: 16/25 MP: 7/12
  3387 | D:5      | Entered Level 5 of the Dungeon
  3655 | D:5      | Noticed a water moccasin
  3673 | D:5      | Noticed Duvessa
  3687 | D:5      | Found a staircase to the Ecumenical Temple.
  3711 | D:4      | Reached *** piety under Qazlal
  3880 | D:4      | Noticed Grinder
  4070 | D:3      | Quit the game

Illustrated notes

Levels and vault maps discovered:
D:1:      mrwooster_arrival_arrow, layout_basic,
          shapermc_ecumenical_altar_mp_vishouse
D:2:      layout_loops_ring, minmay_circle_x, uniq_terence, uniq_sigmund
D:3:      layout_rooms
D:4:      layout_rooms, uniq_edmund, uniq_grinder
D:5:      layout_loops_cross, minmay_temple_entry_statues_fountains,
          uniq_duvessa

Skill      XL: |  1  2  3  4 |
---------------+-------------+-----
Earth Magic    | 3 |  3.6
Spellcasting   | 3 4 |  4.4
Dodging        | 3 |  3.4
Short Blades   | 1 |  1.5
Invocations    | 1 |  1.6
Fighting       | |  0.7
Stealth        | |  3.8
Transmutations | |  1.4

Action                   |  1- 3 |  4- 6 || total
-------------------------+-------+-------++-------
Melee: Dagger            |   146 |   111 ||   257
 Cast: Sandblast         |    34 |    24 ||    58
       Passwall          |       |     1 ||     1
  Use: Scroll            |     1 |     4 ||     5
 Stab: Distracted        |       |     1 ||     1
Armor: Robe              |    16 |     7 ||    23
Dodge: Dodged            |   109 |    77 ||   186
Block: Other             |    14 |    21 ||    35

Table legend: (Time is in decaauts)
 A = Elapsed time spent in this place.
 B = Non-inter-level travel time spent in this place.
 C = Inter-level travel time spent in this place.
 D = Time resting spent in this place.
 E = Time spent auto-exploring this place.
 F = Levels seen in this place.
 G = Mean time per level.
                   A        B        C        D        E       F      G
               +--------+--------+--------+--------+--------+-----+--------+
         Total |   3304 |   3236 |     68 |     69 |   2442 |   5 |  660.8 |
       Dungeon |   3304 |   3236 |     68 |     69 |   2442 |   5 |  660.8 |
               +--------+--------+--------+--------+--------+-----+--------+

Top non-repeatable levels by time:
     D:1: 1048 daAuts
     D:2: 932 daAuts
     D:3: 779 daAuts
     D:5: 274 daAuts
     D:4: 270 daAuts
